 Dungeon Crawl Stone Soup version 0.25-a0-583-g696c2ac64d (webtiles) character file.

Game seed: 5227115997361928019, levelgen mode: deterministic

68681 Flugslaktarn the Severer (level 14, -12/133 HPs)
             Began as a Deep Dwarf Fighter on Mar 9, 2020.
             Was the Champion of Makhleb.
             Mangled by an alligator snapping turtle (38 damage)
             ... on level 4 of the Shoals.
             The game lasted 00:10:26 (13743 turns).

Flugslaktarn the Severer (Deep Dwarf Fighter)      Turns: 13743, Time: 00:10:26

Health: -12/133    AC: 22    Str: 24    XL:     14   Next: 87%
Magic:  12/12      EV:  8    Int:  8    God:    Makhleb [******]
Gold:   1005       SH: 13    Dex: 10    Spells: 13/13 levels left

rFire    + . .     SeeInvis .   H - +9 broad axe (flame)
rCold    . . .     Gourm    .   c - +0 kite shield
rNeg     + . .     Faith    .   q - +2 chain mail {MR+}
rPois    .         Spirit   .   h - +1 helmet
rElec    .         Reflect  .   J - +1 cloak
rCorr    +         Harm     .   (no gloves)
MR       +++..                  y - +1 pair of boots {Fly}
Stlth    ..........             (no amulet)
HPRegen  0.00/turn              k - ring of resist corrosion
MPRegen  0.13/turn              (no ring)

@: flying, non-regenerating
A: damage resistance, heal wounds, clumsy 1, dopey 1, fire resistance 1,
mutation resistance 1, negative energy resistance 1, sense surroundings 2, no
regeneration
a: Heal Wounds, Minor Destruction, Lesser Servant of Makhleb, Major Destruction,
Greater Servant of Makhleb, Renounce Religion, Stop Flying


You were on level 4 of the Shoals.
You worshipped Makhleb.
Makhleb was exalted by your worship.
You were hungry.

You visited 4 branches of the dungeon, and saw 21 of its levels.
You also visited: Sewer.

You collected 1285 gold pieces.
You spent 280 gold pieces at shops.

Inventory:

Hand Weapons
 H - a +9 broad axe of flaming (weapon)
   (You found it on level 9 of the Dungeon)
Missiles
 D - 7 throwing nets (quivered)
Armour
 c - a +0 kite shield (worn)
 h - a +1 helmet (worn)
   (You found it on level 2 of the Dungeon)
 q - a +2 chain mail of magic resistance (worn)
   (You found it on level 4 of the Shoals)
 s - a +0 plate armour
   (You found it on level 5 of the Dungeon)
 y - a +1 pair of boots of flying (worn)
   (You found it on level 7 of the Dungeon)
 J - a +1 cloak (worn)
   (You took it off Maurice on level 10 of the Dungeon)
Jewellery
 k - a ring of resist corrosion (left hand)
   (You found it on level 2 of the Shoals)
 K - a cursed amulet of inaccuracy {unknown}
   (You found it on level 3 of the Shoals)
 L - an uncursed ring of fire
   (You found it on level 1 of the Lair of Beasts)
 S - an uncursed amulet of the acrobat
   (You took it off a merfolk on level 4 of the Shoals)
 T - a +5 ring of protection {unknown}
   (You found it on level 4 of the Shoals)
Wands
 p - a wand of scattershot (3)
   (You found it on level 10 of the Dungeon)
 E - a wand of clouds (18)
   (You found it on level 8 of the Dungeon)
 I - a wand of acid (15)
   (You found it on level 10 of the Dungeon)
 M - a wand of iceblast (15)
   (You found it on level 1 of the Lair of Beasts)
 N - a wand of enslavement (12)
   (You found it on level 2 of the Lair of Beasts)
Scrolls
 a - 2 scrolls of immolation
 f - 5 scrolls of magic mapping
 i - 5 scrolls of fog
 m - 3 scrolls of holy word
 o - a scroll of fear
 r - a scroll of identify
 t - 10 scrolls of teleportation
 x - 16 scrolls of remove curse
 z - 3 scrolls of blinking
 B - a scroll of torment
 G - a scroll of silence
 Q - a scroll of vulnerability
Potions
 b - a potion of ambrosia
 d - 2 potions of might
 j - 2 potions of lignification
 l - 4 potions of stabbing
 n - 2 potions of resistance
 u - 3 potions of haste
 v - 4 potions of mutation
 w - 3 potions of heal wounds
 A - 6 potions of flight
 C - 3 potions of magic
 F - a potion of cancellation
 O - 3 potions of brilliance
 P - a potion of invisibility
Miscellaneous
 g - a lamp of fire (inert)
   (You found it on level 10 of the Dungeon)
Comestibles
 e - 32 rations


   Skills:
 + Level 10.6 Fighting
 * Level 16.3 Axes
 + Level 12.2 Armour
 + Level 12.3 Shields
 + Level 13.4 Invocations


You had 13 spell levels left.
You didn't know any spells.
Your spell library was empty.

Dungeon Overview and Level Annotations

Branches:
Dungeon (10/15)            Temple (1/1) D:5            Lair (6/6) D:10
 Shoals (4/4) Lair:4       Spider (0/4) Lair:4        Slime (0/5) Lair:6
  Sewer (visited)
    Orc: D:9-12

Altars:
Ashenzari
Cheibriados
Dithmenos
Elyvilon
Fedhas
Gozag
Hepliaklqana
Kikubaaqudgha
Makhleb
Nemelex Xobeh
Okawaru
Ru
Sif Muna
Trog
Uskayaw
Vehumet
Wu Jian
Xom
Yredelemnul
Zin
The Shining One
Jiyva

Shops:
D:9 *   Shoals:4 %

Annotations:
D:3 1 transporter, KennyOmg's ghost, amateur GrFi
D:6 exclusions: 3 centaurs and 5 more exclusions
D:9 3 runed translucent doors, Taos's ghost, novice DDFi
D:10 3 runed translucent doors
Lair:2 exclusion: oklob plant
Lair:3 exclusion: oklob plant


Innate Abilities, Weirdness & Mutations

You are resistant to damage.
You can heal yourself by infusing magical energy.
You resist negative energy. (rN+)
You passively map the area around you.
You do not regenerate.
You are clumsy. (Dex -2)
You are dopey. (Int -2)
Your flesh is heat resistant. (rF+)
You are somewhat resistant to further mutation.


Message History

* * * LOW HITPOINT WARNING * * *
The merfolk impaler freezes you.
* * * LOW HITPOINT WARNING * * *
You are too injured to fight recklessly!
The merfolk impaler hits you from afar with a +0 trident of freezing.
* * * LOW HITPOINT WARNING * * *
The merfolk impaler freezes you.
There are monsters nearby!
You are too injured to fight recklessly!
You are too injured to fight recklessly!
You are too injured to fight recklessly!
You are too injured to fight recklessly!
You are too injured to fight recklessly!
You are too injured to fight recklessly!
The merfolk impaler barely misses you. The manticore bites you!
* * * LOW HITPOINT WARNING * * *
You block the manticore's attack.
The manticore claws you but does no damage.
The alligator snapping turtle bites you!!!
You die...

≈≈≈≈≈≈≈≈≈≈≈≈≈P..........# ≈≈≈≈
.≈≈≈≈≈≈≈≈≈≈PP...P........ ,≈≈≈≈≈
..≈≈≈≈≈≈≈≈≈...≈≈......... .≈≈≈≈≈
..≈≈≈≈≈≈≈≈≈≈P.PP......≈.. .≈≈≈≈≈≈
..≈≈≈≈≈≈≈≈≈≈≈≈≈..≈.......≈≈.≈≈≈≈≈
..≈≈≈≈≈≈≈≈≈#####...........≈≈≈≈≈≈
..≈≈≈≈≈≈≈≈##≈≈≈##........≈≈≈≈≈≈≈≈
...≈≈≈≈≈≈≈#≈≈≈≈t#.........≈≈≈≈≈≈≈
....≈≈≈≈≈≈#≈≈:≈m@.........≈≈≈≈≈≈≈
....≈≈≈≈≈≈#≈≈≈mH#.........≈≈≈≈≈≈≈
.))≈≈≈≈≈≈≈##≈≈≈##P.......≈≈≈≈≈≈≈≈
..≈≈≈≈≈≈≈≈≈#####.........≈≈≈≈≈≈≈≈
.≈≈≈≈≈≈≈≈≈≈≈≈≈≈≈........P≈≈≈≈≈≈≈≈
.≈≈≈≈≈≈≈≈≈≈≈≈≈≈≈≈.....P≈P≈≈≈≈≈≈≈≈
..≈≈≈≈≈≈≈≈≈≈≈≈≈≈≈......≈≈≈≈≈≈≈≈≈≈
.≈≈≈≈≈≈≈≈≈≈≈≈≈≈≈≈≈≈≈≈≈≈P≈≈≈≈≈≈≈≈≈
≈≈≈≈≈≈≈≈≈≈≈≈≈≈≈≈...P..PP≈P≈≈≈≈≈≈≈


You could see an alligator snapping turtle, a merfolk impaler, a merfolk and a
manticore.

Vanquished Creatures
  Frances (Shoals:2)
  A merfolk javelineer (Shoals:2)
  A fire dragon (Lair:6)
  2 merfolk impalers (Shoals:4)
  Fannar (Lair:1)
  8 hydras
  Harold (D:8)
  A merfolk avatar (Shoals:4)
  Erica (D:8)
  2 alligator snapping turtles
  5 death yaks (Lair:6)
  A merfolk aquamancer (Shoals:4)
  2 two-headed ogres
  Nergalle (D:10)
  4 sea snakes
  The ghost of Flugslaktarn the Cleaver, a novice DDFi (D:7)
  Pikel (D:8)
  A harpy (Shoals:4)
  An orb spider (Lair:4)
  5 manticores
  A lindwurm (Lair:6)
  Maurice (D:10)
  11 elephants
  A cyclops (D:8)
  A moth of wrath (D:7)
  6 merfolk sirens
  Joseph (D:8)
  2 water nymphs
  7 black mambas
  Psyche (D:10)
  2 molten gargoyles (Lair:6)
  Maggie (D:8)
  13 spiny frogs
  11 komodo dragons
  A rime drake (Lair:6)
  2 trolls
  3 wind drakes (Shoals:4)
  11 merfolk
  Grinder (D:6)
  8 hippogriffs
  11 blink frogs
  7 snapping turtles
  A shadow (D:7)
  6 water elementals
  6 basilisks
  30 yaks
  Grum (D:8)
  2 steam dragons (Lair:6)
  3 hungry ghosts (D:9)
  Menkaure (D:5)
  A soldier ant (D:10)
  5 hell hounds (Lair:6)
  3 porcupines
  12 water moccasins
  4 orc warriors (D:8)
  3 sky beasts
  2 ice beasts
  A slave (D:8)
  A necrophage (D:9)
  3 ogres
  2 phantoms
  5 black bears
  12 wolves
  4 centaurs
  12 crocodiles
  A big kobold (D:9)
  24 bullfrogs
  6 scorpions
  2 water moccasin skeletons
  4 killer bees (D:7)
  A howler monkey (D:5)
  4 electric eels
  3 crimson imps
  A centaur zombie (D:7)
  3 jellies
  5 lava snakes (Lair:6)
  3 hounds
  3 orc priests
  4 iguanas
  A bullfrog skeleton (D:5)
  3 orc wizards
  2 centaur skeletons
  7 worker ants
  A worker ant zombie (D:8)
  9 adders
  A gnoll (D:8)
  3 river rats (Sewer)
  3 shadow imps
  An ooze (D:3)
  2 adder skeletons
  2 adder zombies (D:8)
  8 leopard geckos
  29 orcs
  6 giant cockroaches
  4 hobgoblins
  14 jackals
  11 kobolds
  A quokka (D:4)
  4 ball pythons
  3 bats
  9 frilled lizards
  A quokka skeleton (D:8)
  A quokka zombie (D:5)
  11 rats
  3 bushes (Lair:4)
  3 fungi (D:10)
  8 plants
479 creatures vanquished.

Vanquished Creatures (others)
  23 fungi
  5 plants
28 creatures vanquished.

Grand Total: 507 creatures vanquished

Notes
Turn   | Place    | Note
-------+----------+-------------------------------------------
     0 | D:1      | Flugslaktarn the Deep Dwarf Fighter began the quest for the
                  | Orb.
     0 | D:1      | Reached XP level 1. HP: 20/20 MP: 1/1
   125 | D:2      | Reached XP level 2. HP: 24/27 MP: 2/2
   264 | D:3      | Reached skill level 3 in Axes
   270 | D:3      | Reached XP level 3. HP: 26/33 MP: 3/3
   301 | D:3      | Found a transporter.
   301 | D:3      | Noticed KennyOmg's ghost (amateur GrFi)
   429 | D:4      | Reached XP level 4. HP: 21/42 MP: 4/4
   596 | D:4      | Reached skill level 4 in Axes
   596 | D:4      | Reached XP level 5. HP: 49/49 MP: 5/5
   645 | D:4      | Noticed an ogre
   656 | D:4      | Killed an ogre
   764 | D:4      | Found a glowing drain.
   800 | Sewer    | Entered a sewer
   816 | Sewer    | Reached XP level 6. HP: 40/56 MP: 6/6
  1240 | D:5      | Entered Level 5 of the Dungeon
  1262 | D:5      | Found a staircase to the Ecumenical Temple.
  1279 | Temple   | Entered the Ecumenical Temple
  1435 | Temple   | Became a worshipper of Makhleb the Destroyer
  1482 | D:5      | Noticed an ice beast
  1497 | D:5      | Killed an ice beast
  1497 | D:5      | Reached skill level 5 in Axes
  1497 | D:5      | Reached skill level 1 in Invocations
  1581 | D:5      | Noticed a sky beast
  1611 | D:5      | Killed a sky beast
  1611 | D:5      | Reached XP level 7. HP: 53/64 MP: 6/8
  1722 | D:5      | Noticed Menkaure
  1734 | D:5      | Killed Menkaure
  1734 | D:5      | Reached skill level 5 in Armour
  1734 | D:5      | Reached skill level 5 in Shields
  1867 | D:5      | HP: 2/64 [acid (6)]
  1893 | D:5      | Reached skill level 6 in Axes
  2733 | D:6      | Noticed a hippogriff
  2743 | D:6      | Killed a hippogriff
  2743 | D:6      | Reached XP level 8. HP: 53/73 MP: 10/10
  2790 | D:6      | Noticed Grinder
  2792 | D:6      | Paralysed by Grinder for 6 turns
  2804 | D:6      | Paralysed by Grinder for 7 turns
  2819 | D:6      | Paralysed by Grinder for 2 turns
  2828 | D:6      | Killed Grinder
  2828 | D:6      | Reached skill level 7 in Axes
  3774 | D:7      | Reached skill level 5 in Fighting
  3781 | D:7      | Reached * piety under Makhleb
  3821 | D:7      | Noticed Flugslaktarn's ghost (novice DDFi)
  3838 | D:7      | Reached skill level 5 in Invocations
  3850 | D:7      | Reached skill level 8 in Axes
  3850 | D:7      | Gained mutation: You passively map the area around you.
                  | [Deep Dwarf growth]
  3850 | D:7      | Reached XP level 9. HP: 47/81 MP: 11/11
  3867 | D:7      | Gained mutation: You are dopey. (Int -2) [potion of
                  | mutation]
  3867 | D:7      | Gained mutation: You are clumsy. (Dex -2) [potion of
                  | mutation]
  3867 | D:7      | Gained mutation: Your flesh is heat resistant. (rF+)
                  | [potion of mutation]
  3867 | D:7      | Gained mutation: You are somewhat resistant to further
                  | mutation. [potion of mutation]
  4114 | D:7      | Found a transporter.
  4128 | D:7      | Found a transporter.
  4551 | D:7      | Noticed a moth of wrath
  4570 | D:7      | Reached skill level 9 in Axes
  4613 | D:7      | Killed a moth of wrath
  4626 | D:7      | Killed Flugslaktarn's ghost
  4626 | D:7      | Reached XP level 10. HP: 86/91 MP: 12/12
  4699 | D:8      | Noticed Joseph
  4716 | D:8      | Killed Joseph
  4745 | D:8      | Noticed Erica
  4773 | D:8      | Killed Erica
  4773 | D:8      | Reached skill level 10 in Axes
  4798 | D:8      | Noticed a five-headed hydra
  4838 | D:8      | Noticed Maggie
  4863 | D:8      | Killed Maggie
  5011 | D:8      | Noticed Grum
  5019 | D:8      | Reached ** piety under Makhleb
  5031 | D:8      | Killed Grum
  5064 | D:8      | Noticed Pikel
  5074 | D:8      | Killed Pikel
  5144 | D:8      | Noticed a two-headed ogre
  5152 | D:8      | Killed a two-headed ogre
  5184 | D:8      | Reached skill level 11 in Axes
  5327 | D:8      | Reached XP level 11. HP: 68/99 MP: 12/12
  5353 | D:8      | Noticed Harold
  5364 | D:8      | Killed Harold
  5498 | D:8      | Reached *** piety under Makhleb
  5538 | D:8      | Killed a one-headed hydra
  5797 | D:9      | Noticed a fire giant
  5798 | D:9      | Noticed Taos's ghost (novice DDFi)
  5803 | D:9      | Found a runed translucent gate.
  5803 | D:9      | Found a runed translucent gate.
  5803 | D:9      | Found a runed translucent gate.
  6421 | D:9      | Found Koff's General Store.
  6424 | D:9      | Bought 2 potions of resistance for 280 gold pieces
  6471 | D:10     | Entered Level 10 of the Dungeon
  6620 | D:10     | Noticed Nergalle
  6635 | D:10     | Killed Nergalle
  6635 | D:10     | Reached skill level 12 in Axes
  6654 | D:10     | Noticed a two-headed ogre
  6660 | D:10     | Killed a two-headed ogre
  6660 | D:10     | Reached **** piety under Makhleb
  6714 | D:10     | Found a staircase to the Lair.
  6893 | D:10     | Noticed Maurice
  6904 | D:10     | Killed Maurice
  6937 | D:10     | Noticed Psyche
  6948 | D:10     | Killed Psyche
  7063 | D:10     | Noticed a cyan ugly thing
  7064 | D:10     | Found a runed translucent gate.
  7064 | D:10     | Found a runed translucent gate.
  7064 | D:10     | Noticed a brown ugly thing
  7064 | D:10     | Noticed a cyan very ugly thing
  7064 | D:10     | Noticed a white ugly thing
  7065 | D:10     | Found a runed translucent gate.
  7065 | D:10     | Noticed a glowing orange brain
  7065 | D:10     | Noticed a purple ugly thing
  7346 | Lair:1   | Entered Level 1 of the Lair of Beasts
  7544 | Lair:1   | Reached XP level 12. HP: 101/110 MP: 14/14
  7726 | Lair:1   | Reached skill level 10 in Invocations
  7855 | Lair:1   | Noticed Fannar
  7866 | Lair:1   | Killed Fannar
  8317 | Lair:2   | Reached ***** piety under Makhleb
  8622 | Lair:2   | Reached skill level 13 in Axes
  8970 | Lair:2   | Reached skill level 10 in Shields
  8973 | Lair:2   | Reached skill level 10 in Armour
  9351 | Lair:3   | Noticed a six-headed hydra
  9363 | Lair:3   | Killed a one-headed hydra
  9505 | Lair:3   | Found a basalt altar of Yredelemnul.
 10018 | Lair:4   | Noticed a seven-headed hydra
 10029 | Lair:4   | Killed a three-headed hydra
 10071 | Lair:4   | Reached XP level 13. HP: 121/121 MP: 16/16
 10112 | Lair:4   | Reached skill level 14 in Axes
 10121 | Lair:4   | Found a staircase to the Shoals.
 10510 | Lair:4   | Found a bloodstained altar of Trog.
 10546 | Lair:4   | Found a hole to the Spider Nest.
 11286 | Lair:5   | Reached ****** piety under Makhleb
 11448 | Lair:6   | Entered Level 6 of the Lair of Beasts
 11749 | Lair:6   | Reached skill level 15 in Axes
 11947 | Lair:6   | Gained mutation: You resist negative energy. (rN+) [Deep
                  | Dwarf growth]
 11947 | Lair:6   | Reached XP level 14. HP: 114/130 MP: 18/18
 12048 | Lair:6   | Reached skill level 10 in Fighting
 12052 | Lair:6   | Found a large runed translucent door.
 12052 | Lair:6   | Found a large runed translucent door.
 12413 | Lair:6   | Found a viscous altar of Jiyva.
 12414 | Lair:6   | Found a staircase to the Slime Pits.
 12632 | Shoals:1 | Entered Level 1 of the Shoals
 12806 | Shoals:2 | Noticed Frances
 12819 | Shoals:2 | Killed Frances
 12872 | Shoals:4 | Entered Level 4 of the Shoals
 13027 | Shoals:4 | Reached skill level 16 in Axes
 13211 | Shoals:4 | Found Zadiu's Food Boutique.
 13743 | Shoals:4 | Mangled by an alligator snapping turtle

Levels and vault maps discovered:
D:1:      minmay_arrival_up_and_down, layout_basic, minmay_tetromino_s2
D:2:      layout_rooms, chequers_ecumenical_altar_simple_redux,
          nicolae_underground_beach
D:3:      minmay_goblin_kobold_castle, layout_loops_cross,
          nicolae_qazlal_eye_of_the_storm, gammafunk_ghost_arena,
          minmay_fractal_squares_5
D:4:      layout_rooms, gup_sewer_entry_pipe, first_ration
D:5:      layout_basic, minmay_temple_entry_purple_smoke, uniq_menkaure
D:6:      layout_layer_cave, centaur_isle, uniq_grinder
D:7:      layout_cave_pods, gammafunk_ghost_berserking_beasts, kennysheep_boxes
D:8:      minmay_bloctagon, layout_cave_pods, special_room [special_room_orc],
          uniq_maggie, uniq_joseph, uniq_harold, uniq_grum, uniq_erica,
          uniq_pikel
D:9:      layout_long_grid, serial_shops, nicolae_shop_behind_doors,
          gammafunk_ghost_split
D:10:     layout_long_grid, due_lair_maze_entry_diamond,
          ploomutoo_gammafunk_ghost_potion_laboratory, hangedman_fish_farm,
          kennysheep_generic_room_4, uniq_psyche, uniq_nergalle, uniq_maurice
Temple:   kilobyte_greek_temple
Lair:1:   layout_cave_pods, grunt_megastairs_4, uniq_fannar
Lair:2:   layout_cave_pods
Lair:3:   layout_regular_city, lemuel_oklob_altar, serial_bayou_shore_a,
          lemuel_fruit_fields
Lair:4:   layout_roguey, minmay_shoals_entry_beasts,
          nicolae_spider_entry_orb_guardian, basic_altar,
          chequers_serial_rivers_room_b, minmay_hedge_maze, st_stairs_3,
          serial_bayou_shore_b
Lair:5:   layout_regular_city, serial_bayou_pond_e, lemuel_fruit_tree,
          infiniplex_staircase_pool
Lair:6:   cheibrodos_lair_end_hotspot, layout_regular_city,
          dpeg_slime_entry_enclosed_altar
Shoals:1: layout_shoals, nicolae_shoals_seven_spires, uniq_nikola
Shoals:2: layout_shoals, uniq_frances, uniq_ilsuiw
Shoals:3: layout_shoals, ebering_ghost_inner_flame, uniq_donald
Shoals:4: shoals_end_simple, layout_shoals, serial_shops, shop

Skill      XL: |  1  2  3  4  5  6  7  8  9 10 11 12 13 14 |
---------------+-------------------------------------------+-----
Axes           | 3 4 5 6 8 9 11 12 13 15 16 | 16.3
Fighting       | 3 4 5 6 7 9 10 | 10.6
Armour         | 4 5 6 7 8 9 10 11 12 | 12.2
Shields        | 4 5 6 7 8 9 10 11 12 | 12.3
Invocations    | 1 3 5 6 8 9 11 12 13 | 13.4

Action                   |  1- 3 |  4- 6 |  7- 9 | 10-12 | 13-15 || total
-------------------------+-------+-------+-------+-------+-------++-------
Melee: War axe           |    85 |   220 |   243 |   284 |       ||   832
       Broad axe         |       |       |       |   347 |   577 ||   924
       Scimitar          |       |       |       |     6 |       ||     6
 Abil: Heal Wounds       |       |     4 |    15 |     9 |    27 ||    55
Evoke: Wand              |       |       |       |       |     1 ||     1
       Lamp of fire      |       |       |       |       |     1 ||     1
  Use: Scroll            |       |       |    14 |    15 |     4 ||    33
       Potion            |       |       |     1 |     1 |     4 ||     6
 Stab: Distracted        |       |       |       |     1 |       ||     1
  Eat: Chunk             |       |     3 |     2 |    18 |     9 ||    32
       Ration            |       |       |     2 |     1 |     1 ||     4
Armor: Chain mail        |    63 |   107 |    14 |       |    70 ||   254
       Scale mail        |     6 |       |       |       |       ||     6
       Plate armour      |       |       |   161 |   320 |   227 ||   708
Dodge: Dodged            |    30 |    46 |    52 |   122 |   123 ||   373
Block: Kite shield       |    55 |    94 |   174 |   375 |   336 ||  1034

Table legend:
 A = Non-vault XP
 B = Vault XP
 C = Vault XP percentage of total XP
 D = Non-vault monster count
 E = Vault monster count
 F = Vault count percentage of total count
                 A         B        C        D         E       F
            +---------+---------+-------+---------+---------+-------
      Total |   64884 |   33233 |  33.9 |     310 |     154 |  33.2
            +---------+---------+-------+---------+---------+-------
        D:1 |       3 |       0 |   0.0 |       2 |       0 |   0.0
        D:2 |      19 |       0 |   0.0 |       5 |       0 |   0.0
        D:3 |      17 |       5 |  22.7 |       7 |       3 |  30.0
        D:4 |     295 |      26 |   8.1 |      10 |      10 |  50.0
        D:5 |     552 |     169 |  23.4 |      20 |       1 |   4.8
        D:6 |     559 |     277 |  33.1 |       8 |       1 |  11.1
        D:7 |    2008 |    1906 |  48.7 |      18 |       7 |  28.0
        D:8 |    2718 |    5766 |  68.0 |      27 |      46 |  63.0
        D:9 |    1810 |       0 |   0.0 |      29 |       0 |   0.0
       D:10 |    2639 |    2877 |  52.2 |      16 |      13 |  44.8
     Lair:1 |    1423 |    1028 |  41.9 |       8 |       1 |  11.1
     Lair:2 |    5360 |       0 |   0.0 |      22 |       0 |   0.0
     Lair:3 |    6960 |       0 |   0.0 |      28 |       0 |   0.0
     Lair:4 |    5568 |    2417 |  30.3 |      19 |       4 |  17.4
     Lair:5 |    4655 |       0 |   0.0 |      22 |       0 |   0.0
     Lair:6 |   14513 |    8912 |  38.0 |      34 |      29 |  46.0
   Shoals:1 |     660 |       0 |   0.0 |       2 |       0 |   0.0
   Shoals:2 |    4904 |    2189 |  30.9 |       8 |       1 |  11.1
   Shoals:4 |   10221 |    7601 |  42.6 |      25 |      16 |  39.0
      Sewer |       0 |      60 | 100.0 |       0 |      22 | 100.0
            +---------+---------+-------+---------+---------+-------
